 Dungeon Crawl Stone Soup version 0.30.1-4-g462c640d31 (webtiles) character file.

Game seed: 11330077489651275775

3342 KyoPewz the Zephyrmancer (level 9, -6/54 HPs)
             Began as a Deep Elf Air Elementalist on Aug 11, 2023.
             Was a Follower of Vehumet.
             Splashed by a brown ugly thing's acid (10 damage)
             ... on level 9 of the Dungeon.
             The game lasted 00:27:16 (8902 turns).

KyoPewz the Zephyrmancer (DEAE)                     Turns: 8902, Time: 00:27:16

Health: -6/54      AC: -3    Str:  5    XL:     9   Next: 72%
Magic:  7/26       EV: 15    Int: 25    God:    Vehumet [*.....]
Gold:   255        SH:  0    Dex: 15    Spells: 1/16 levels left

rFire   . . .        h - +4 spear
rCold   . . .        (no shield)
rNeg    . . .        a - +0 robe
rPois   .            O - +1 helmet
rElec   .            (no cloak)
rCorr   .            w - +0 pair of gloves
SInv    .            (no boots)
Will    +....        (no amulet)
Stlth   ++           o - ring of magical power
HPRegen 0.29/turn    x - ring of willpower
MPRegen 0.20/turn

%: no passive effects
@: corroded
A: no striking features
a: Renounce Religion


You were on level 9 of the Dungeon.
You worshipped Vehumet.
Vehumet was aware of your devotion.
You visited 2 branches of the dungeon, and saw 10 of its levels.

You collected 525 gold pieces.
You spent 270 gold pieces at shops.

Inventory:

Hand Weapons
 h - a +4 spear (weapon)
 k - a +0 dagger
 v - a +1 trident of venom
Missiles
 m - 74 stones
 D - 15 poisoned darts
 E - 5 silver javelins
 Q - 3 boomerangs
Armour
 a - a +0 robe (worn)
 w - a +0 pair of gloves (worn)
 O - a +1 helmet (worn)
Magical Staves
 p - a staff of cold
 G - a staff of conjuration
Jewellery
 j - an amulet of guardian spirit
 o - a ring of magical power (left hand)
 x - a ring of willpower (right hand)
 F - a ring of protection from fire
 N - a ring of positive energy
Wands
 L - a wand of polymorph (15)
Scrolls
 e - 3 scrolls of acquirement {unknown}
 f - 3 scrolls of vulnerability {unknown}
 g - 3 scrolls of fog {unknown}
 n - 2 scrolls of enchant weapon
 r - 6 scrolls of identify
 y - 2 scrolls of immolation
 A - 3 scrolls of magic mapping
 B - a scroll of blinking
 C - 4 scrolls of teleportation {unknown}
 H - 2 scrolls of poison {unknown}
 K - a scroll of enchant armour {unknown}
 R - a scroll of summoning {unknown}
 S - a scroll of amnesia {unknown}
 T - a scroll of fear {unknown}
Potions
 b - 2 potions of magic
 c - 2 potions of lignification {unknown}
 d - 2 potions of brilliance {unknown}
 i - a potion of berserk rage {unknown}
 l - a potion of heal wounds
 q - 6 potions of curing
 s - 2 potions of flight {unknown}
 t - a potion of resistance {unknown}
 u - 2 potions of ambrosia {unknown}
 z - 2 potions of degeneration {unknown}
 I - 3 potions of cancellation
 J - 2 potions of haste {unknown}
 M - a potion of mutation {unknown}
 P - a potion of invisibility {unknown}


   Skills:
 + Level 5.1 Fighting
 - Level 7.0 Dodging
 - Level 2.4 Stealth
 - Level 4.0 Spellcasting
 - Level 3.0 Conjurations
 - Level 11.0 Air Magic


You had one spell level left.
You knew the following spells:

 Your Spells              Type           Power      Damage    Failure   Level
a - Shock                 Conj/Air       100%       1d9       1%          1
b - Static Discharge      Conj/Air       80%        2-6/arc   1%          2
c - Airstrike             Air            28%        2d(4-20)  1%          4
d - Blink                 Tloc           10%        N/A       14%         2
e - Teleport Other        Tloc           5%         N/A       26%         3
s - Swiftness             Air            56%        N/A       1%          3

Your spell library contained the following spells:

 Spells                   Type           Power      Damage    Failure   Level
 Foxfire                  Conj/Fire      48%        2x1d6     4%          1
 Kiss of Death            Conj/Necr      48%        2d9       4%          1
 Freeze                   Ice            20%        1d4       9%          1
 Hailstorm                Conj/Ice       12%        3d5       14%         3
 Confusing Touch          Hex            5%         N/A       26%         3
 Frozen Ramparts          Ice            10%        1d2       26%         3
 Gell's Gravitas          Tloc           5%         N/A       26%         3
 Silence                  Hex/Air        16%        N/A       26%         5
 Dispel Undead            Necr           5%         3d7       65%         4
 Manifold Assault         Tloc           5%         N/A       65%         4
 Passage of Golubria      Tloc           5%         N/A       65%         4
 Dispersal                Tloc           2%         N/A       100%        6
 Storm Form               Tmut/Air       16%        N/A       100%        7
 Lehudib's Crystal Spear  Conj/Erth      6%         10d3      100%        8


Dungeon Overview and Level Annotations

Branches:
Dungeon (9/15)             Temple (1/1) D:6
   Lair: D:8-11         Orc: D:9-12

Altars:
Ashenzari
Cheibriados
Dithmenos
Elyvilon
Fedhas
Gozag
Hepliaklqana
Kikubaaqudgha
Makhleb
Nemelex Xobeh
Okawaru
Qazlal
Ru
Sif Muna
Uskayaw
Vehumet
Xom
Yredelemnul
Zin

Shops:
D:1 :   D:5 *!?[   D:6 (

Annotations:
D:6 1 runed translucent door, Almogavar's ghost, amateur MiBe
D:7 1 runed translucent door, Crazy Yiuf
D:8 Amaemon


Message History

Casting: Airstrike (dangerous; 1% risk of failure)
Confirm with . or Enter, or press ? or * to list all spells.
Aiming: Airstrike (dangerous; 1% risk of failure)
Press: ? - help, Dir - move target, f/p - brown ugly thing
Aim: a brown ugly thing (moderately wounded, empty space bonus: 5/8)
The air twists around and strikes the brown ugly thing.
The brown ugly thing is moderately wounded.
The brown ugly thing kicks you. The acid corrodes you!
You are splashed with acid!
You take 10 damage, and have 44/54 hp.
You now have 18/26 mp.
Casting: Airstrike (dangerous; 1% risk of failure)
Confirm with . or Enter, or press ? or * to list all spells.
Aiming: Airstrike (dangerous; 1% risk of failure)
Press: ? - help, Dir - move target, f/p - brown ugly thing
Aim: a brown ugly thing (moderately wounded, empty space bonus: 5/8)
The air twists around and strikes the brown ugly thing!!
The brown ugly thing is severely wounded.
The brown ugly thing kicks you. The acid corrodes you!
You are splashed with acid!
You take 9 damage, and have 35/54 hp.
You now have 14/26 mp.
Casting: Airstrike (dangerous; 1% risk of failure)
Confirm with . or Enter, or press ? or * to list all spells.
Aiming: Airstrike (dangerous; 1% risk of failure)
Press: ? - help, Dir - move target, f/p - brown ugly thing
Aim: a brown ugly thing (severely wounded, empty space bonus: 5/8)
The air twists around and strikes the brown ugly thing.
The brown ugly thing is severely wounded.
The brown ugly thing kicks you!
You are splashed with acid!
You take 16 damage, and have 19/54 hp.
MASSIVE DAMAGE!!
You now have 10/26 mp.
Casting: Airstrike (dangerous; 1% risk of failure)
Confirm with . or Enter, or press ? or * to list all spells.
Aiming: Airstrike (dangerous; 1% risk of failure)
Press: ? - help, Dir - move target, f/p - brown ugly thing
Aim: a brown ugly thing (severely wounded, empty space bonus: 5/8)
The air twists around and strikes the brown ugly thing!
The brown ugly thing is almost dead.
The brown ugly thing kicks you!
* * * LOW HITPOINT WARNING * * *
You are splashed with acid!
You die...

.. #.###.. #...#
...#..# .....##
:....# .......
>...##
.......##.....##
.......$....#..#
.......#...###..
.......#<...#..#
......u@#.....##
.......##.#.###
....... .. .#
....... ... #
♣...P♣♣ #...
♣P..P #.#. P.♣♣
...# ..


You could see a brown ugly thing.

Vanquished Creatures
  An orange demon (D:8)
  Psyche (D:8)
  Prince Ribbit (D:8)
  Grinder (D:3)
  3 water moccasins
  An ice beast (D:7)
  A sky beast (D:7)
  2 ogres
  5 centaurs
  A kobold brigand (D:6)
  4 bullfrogs
  A scorpion (D:7)
  3 killer bees (D:6)
  2 howler monkeys
  2 hounds (D:5)
  2 jellies
  4 orc priests
  5 iguanas
  5 orc wizards
  2 sleepcaps
  4 gnolls
  8 adders
  A worm (D:3)
  2 dart slugs
  19 orcs
  6 ball pythons
  8 bats
  8 endoplasms
  7 goblins
  6 hobgoblins
  2 quokkas
  5 frilled lizards
  12 kobolds
  6 rats
141 creatures vanquished.

Notes
Turn   | Place    | Note
-------+----------+-------------------------------------------
     0 | D:1      | KyoPewz the Deep Elf Air Elementalist began the quest for
                  | the Orb.
     0 | D:1      | Reached XP level 1. HP: 10/10 MP: 6/6
    41 | D:1      | Found Dean's Book Emporium.
   139 | D:1      | Reached XP level 2. HP: 15/15 MP: 2/8
   567 | D:1      | Reached XP level 3. HP: 19/19 MP: 5/9
   617 | D:1      | Learned a level 2 spell: Static Discharge
   621 | D:1      | Learned a level 3 spell: Swiftness
  1319 | D:2      | Reached skill level 4 in Air Magic
  1828 | D:2      | Reached XP level 4. HP: 24/24 MP: 7/11
  2557 | D:3      | Noticed Grinder
  2676 | D:3      | Found an ancient bone altar of Kikubaaqudgha.
  2767 | D:3      | Found a faded altar of an unknown god.
  3174 | D:4      | Reached XP level 5. HP: 28/28 MP: 13/13
  3182 | D:4      | Learned a level 4 spell: Airstrike
  3222 | D:4      | Reached skill level 5 in Air Magic
  3455 | D:4      | Found a burning altar of Makhleb.
  4024 | D:4      | Reached XP level 6. HP: 32/32 MP: 14/14
  4147 | D:4      | Reached skill level 6 in Air Magic
  4274 | D:5      | Entered Level 5 of the Dungeon
  4274 | D:5      | Found a white marble altar of Elyvilon.
  4287 | D:5      | Found a broken altar of Ashenzari.
  4343 | D:5      | Found a shimmering altar of Xom.
  4397 | D:5      | Found a snail-covered altar of Cheibriados.
  4581 | D:5      | Found Zovimes's Distillery.
  4581 | D:5      | Found Tyqupiol's General Store.
  4587 | D:5      | Found Bonuts's Antique Armour Shop.
  4588 | D:5      | Found Votruex's Magic Scroll Shop.
  4596 | D:5      | Bought a potion of heal wounds for 60 gold pieces
  4596 | D:5      | Bought a scroll of identify for 24 gold pieces
  4605 | D:5      | Bought 2 potions of curing for 90 gold pieces
  4626 | D:5      | Bought a potion of cancellation for 96 gold pieces
  4770 | D:5      | Reached skill level 7 in Air Magic
  4932 | D:5      | Reached XP level 7. HP: 36/36 MP: 15/15
  5453 | D:3      | Killed Grinder
  5454 | D:3      | Reached skill level 8 in Air Magic
  5792 | D:6      | Found a staircase to the Ecumenical Temple.
  5804 | Temple   | Entered the Ecumenical Temple
  6011 | Temple   | Became a worshipper of Vehumet
  6047 | D:6      | Reached skill level 9 in Air Magic
  6058 | D:6      | Reached XP level 8. HP: 22/41 MP: 6/16
  6348 | D:6      | Reached skill level 10 in Air Magic
  6456 | D:6      | Found Koegar's Antique Weapon Boutique.
  6691 | D:6      | Found a runed translucent door.
  6691 | D:6      | Noticed Almogavar's ghost (amateur MiBe)
  7223 | D:7      | Learned a level 2 spell: Blink
  7227 | D:7      | Learned a level 3 spell: Teleport Other
  7340 | D:7      | Found a sacrificial altar of Ru.
  7417 | D:7      | Reached skill level 11 in Air Magic
  7501 | D:7      | Identified the +9 dagger of the Brewing Whale {flame, rF-
                  | rCorr MP+9 SInv}
  7507 | D:7      | Reached * piety under Vehumet
  7507 | D:7      | Offered knowledge of Foxfire by Vehumet.
  7508 | D:7      | Reached skill level 1 in Fighting
  7932 | D:7      | Reached XP level 9. HP: 48/48 MP: 17/17
  8113 | D:7      | Found a runed translucent door.
  8114 | D:7      | Noticed Crazy Yiuf
  8182 | D:8      | Noticed an orange demon
  8187 | D:8      | Noticed Amaemon
  8189 | D:8      | Killed an orange demon
  8190 | D:8      | Reached skill level 5 in Dodging
  8422 | D:8      | Noticed Prince Ribbit
  8428 | D:8      | Killed Prince Ribbit
  8604 | D:8      | Noticed Psyche
  8608 | D:8      | Killed Psyche
  8698 | D:8      | Reached skill level 5 in Fighting
  8897 | D:9      | Noticed a brown ugly thing
  8902 | D:9      | Splashed by a brown ugly thing's acid

Illustrated notes

Levels and vault maps discovered:
D:1:      tarquinn_simple_flora_water_c, layout_basic, serial_shops,
          nicolae_shop_advertising_works [nicolae_subvault_shop_adworks],
          minmay_liquid_box, minmay_tromino_v4_a
D:2:      layout_loops_cross
D:3:      layout_rooms, kiku_gazebo_pond_becter,
          ebering_ecumenical_altar_abandoned, uniq_grinder
D:4:      layout_cave_pods, bloody_makhleb
D:5:      layout_basic, lemuel_doored_altar, mainiacjoe_overflow_chevrons,
          mainiacjoe_overflow_catwalk_spiral, minmay_shop_grid_forest,
          amcnicky_mini_pool_small
D:6:      layout_basic, minmay_temple_entry_butterflies,
          ebering_ghost_inner_flame, serial_shops, shop
D:7:      layout_loops_ring, old_standard_altar, solitary_fountain,
          uniq_crazy_yiuf_cottage
D:8:      layout_rooms, uniq_psyche, uniq_prince_ribbit1, uniq_amaemon
D:9:      layout_cave_pools, serial_park, serial_park_paths
          [serial_park_minivault_5x5_6], serial_park_square2,
          serial_park_tiny_pond, serial_park_tiny_1, nicolae_elemental_shop,
          minmay_strange_pillars
Temple:   nicolae_temple_slightly_damp_pantheon

Skill      XL: |  1  2  3  4  5  6  7  8  9 |
---------------+----------------------------+-----
Conjurations   | 2 3 |  3.0
Air Magic      | 4 5 7 9 11 | 11.0
Spellcasting   | 4 |  4.0
Fighting       | 2 5 |  5.1
Dodging        | 4 7 |  7.0
Stealth        | |  2.4

Action                     |  1- 3 |  4- 6 |  7- 9 || total
---------------------------+-------+-------+-------++-------
  Melee: Spear             |       |     9 |     2 ||    11
   Cast: Shock             |    72 |   151 |    83 ||   306
         Swiftness         |       |     1 |       ||     1
         Airstrike         |       |       |    44 ||    44
         Static Discharge  |       |       |    18 ||    18
    Use: Scroll            |       |     4 |       ||     4
   Stab: Sleeping          |       |       |     1 ||     1
 Armour: Robe              |     2 |     5 |     5 ||    12
  Dodge: Dodged            |     6 |    16 |    23 ||    45
